 Dungeon Crawl Stone Soup version 0.17-a0-1954-g0dddeaa (webtiles) character file.

158558 Gorice the Warrior (level 17, -30/146 (147) HPs)
             Began as a Mummy Wanderer on Sept 30, 2015.
             Was an Initiate of Gozag.
             Killed from afar by a hellion (33 damage)
             ... with a burst of hellfire
             ... on level 1 of the Abyss on Oct 3, 2015.
             The game lasted 03:43:59 (36289 turns).

Gorice the Warrior (Mummy Wanderer)                Turns: 36289, Time: 03:43:59

HP:   -30/146 (147) AC: 28    Str: 24 (27) XL:     17   Next: 14%
MP:   19/19         EV: 16    Int: 15 (18) God:    Gozag
Gold: 4863          SH: 11    Dex: 10 (11) Spells: 0 memorised, 16 levels left

rFire  . . .     SeeInvis .     a - +8 autumn katana {slice, Clar}
rCold  + + +     Clarity  +     o - +6 chain mail of a volcano {rC++ MR+ Int+3}
rNeg   + + +     SustAt   .     O - +2 shield of Resistance {rF+ rC+ MR+}
rPois  ∞         Gourm    .     q - +0 helmet
rElec  .         Spirit   .     L - +0 cloak
rCorr  .         Warding  .     W - +2 pair of gloves {Str+3}
rMut   .         Stasis   .     x - +0 pair of boots
MR     ++++.                    d - amulet of regeneration
Stlth  ..........               e - +5 ring of evasion
                                H - +5 ring of evasion

@: mighty, incredibly resistant to hostile enchantments, extremely unstealthy
A: no food or potions, fire vulnerability, cold resistance 1, negative energy
resistance 3, torment resistance, unbreathing, in touch with death 1, restore
body
a: Self-Restoration, Potion Petition, Call Merchant, Bribe Branch, Renounce
Religion


You were on level 1 of the Abyss.
You worshipped Gozag.
Gozag was noncommittal.
You were not hungry.

You visited 5 branches of the dungeon, and saw 30 of its levels.
You visited the Abyss 1 time.
You also visited: Sewer, Ossuary, Ice Cave and Volcano.

You collected 12986 gold pieces.
You spent 3593 gold pieces at shops.
You paid 4530 gold pieces to Gozag.

Inventory:

Hand weapons
 a - the +8 autumn katana (weapon) {slice, Clar}
   (You found it on level 5 of the Dungeon)

   It inflicts extra damage upon your enemies.
   It protects you against confusion.
 b - the +9 scimitar of the Big Bang {slice, +Fly rF+ rN+++ Int-3}
   (You found it in an ice cave)

   It inflicts extra damage upon your enemies.
   It affects your intelligence (-3).
   It protects you from fire.
   It renders you almost immune to negative energy.
   It lets you fly.
 f - a +4 scimitar of flaming
   (You took it off an efreet on level 1 of the Abyss)
 B - a +0 blowgun
Missiles
 j - 8 steel tomahawks (quivered)
 n - 52 arrows
 t - 5 arrows of dispersal
 y - 5 curare-tipped needles
 A - 6 javelins
 Y - 2 throwing nets
Armour
 o - the +6 chain mail of a volcano (worn) {rC++ MR+ Int+3}
   (You found it on level 1 of the Lair of Beasts)

   It affects your intelligence (+3).
   It greatly protects you from cold.
   It affects your resistance to hostile enchantments.
 q - a +0 helmet (worn)
 x - a +0 pair of boots (worn)
 L - a +0 cloak (worn)
 O - the +2 shield of Resistance (worn) {rF+ rC+ MR+}
   (You acquired it on level 1 of the Lair of Beasts)

   It protects you from fire.
   It protects you from cold.
   It affects your resistance to hostile enchantments.
 W - a +2 pair of gloves of strength (worn)
   (You bought it in a shop on level 12 of the Dungeon)
Rods
 S - a -2 rod of shadows (10/10) {!a}
   (You bought it in a shop on level 4 of the Orcish Mines)
Jewellery
 d - an amulet of regeneration (around neck)
 e - a +5 ring of evasion (right hand)
 l - an uncursed ring of protection from cold
 w - an uncursed ring of flight
 H - a +5 ring of evasion (left hand)
 R - an uncursed ring of fire
 T - an uncursed ring of see invisible
 U - the ring "Celeumnal" {rF+ Str+2 Int+3}
   (You bought it in a shop on level 13 of the Dungeon)

   [ring of intelligence]

   It affects your strength (+2).
   It affects your intelligence (+3).
   It protects you from fire.
Magical devices
 g - a wand of polymorph (11)
 i - a wand of disintegration (3)
 k - a wand of draining (3)
 u - a wand of cold (1)
 z - a wand of lightning (7)
 E - a wand of confusion (25)
 J - a wand of cold (6)
 K - a wand of teleportation (6) {!d}
 N - a wand of fireball (8)
 Q - a wand of paralysis (4)
 V - a wand of enslavement (17)
Scrolls
 c - 11 scrolls of teleportation {!r}
 h - a scroll of blinking
 m - 6 scrolls of remove curse
 p - 2 scrolls of summoning {!r}
 r - 7 scrolls of magic mapping {!r}
 s - 7 scrolls of identify
 I - 2 scrolls of fog
Miscellaneous
 v - a box of beasts
 C - a lamp of fire


   Skills:
 + Level 17.0 Fighting
 - Level 12.1 Long Blades
   Level 10.0 Bows
 - Level 15.0 Armour
 - Level 3.2 Stealth
 * Level 3.3 Shields
 * Level 2.8 Evocations


You had 16 spell levels left.
You didn't know any spells.

Dungeon Overview and Level Annotations

Branches:
Dungeon (15/15)            Temple (1/1) D:5            Lair (8/8) D:9
 Shoals (0/4) Lair:5        Snake (2/4) Lair:6        Slime (0/6) Lair:6
    Orc (4/4) D:11            Elf (0/3) Orc:4        Vaults (0/5) D:14
 Depths (0/5) D:15

Altars:
Ashenzari
Cheibriados
Dithmenos
Elyvilon
Fedhas
Gozag
Kikubaaqudgha
Makhleb
Nemelex Xobeh
Okawaru
Qazlal
Ru
Sif Muna
Trog
Vehumet
Xom
Yredelemnul
Zin
The Shining One
Jiyva

Shops:
D:5 *   D:7 *   D:11 *   D:12 [   D:13 =   D:15 }   Orc:1 *   Orc:4 }*(%
Vaults:1 [

Portals:
Hell: Lair:8
Trove: D:11 (give 6 scrolls of blinking)

Annotations:
D:14 gold to collect nr >
Snake:2 exclusion: Roxanne, Roxanne


Innate Abilities, Weirdness & Mutations

You do not eat or drink.
Your flesh is vulnerable to fire.
You are immune to poison.
Your flesh is cold resistant.
You are immune to negative energy.
You are immune to unholy pain and torment.
You can survive without breathing.
You are in touch with the powers of death.
You can restore your body by infusing magical energy.


Message History

* * * LOW HITPOINT WARNING * * *
Damage: 2 (max 16) Unknown command.
You hit the shining eye.
The shining eye is lightly wounded.
You block the profane servitor's attack.
The profane servitor hits you with an enchanted whip.
* * * LOW HITPOINT WARNING * * *
Damage: 3 (max 16)
You slice the shining eye!!
The shining eye is almost dead.
You block the profane servitor's attack.
The profane servitor hits you but does no damage.
You slice the shining eye!!
You kill the shining eye!
The profane servitor hits you but does no damage.
You block the profane servitor's attack.
You see here 4 gold pieces.
The profane servitor barely misses you.
You block the profane servitor's attack.
You block the profane servitor's attack.
The profane servitor hits you but does no damage.
You are suddenly pulled into a different region of the Abyss!
You start resting.
The starcursed mass shrieks in your mind.
* * * LOW HITPOINT WARNING * * *
Damage: 7 (max 7)
A starcursed mass splits.
A large abomination comes into view.
You feel a little less agile now.
The large abomination moves out of view.
The starcursed mass shrieks in your mind.
* * * LOW HITPOINT WARNING * * *
Damage: 3 (max 3)
A hellion comes into view.
The hellion gives a hideous shriek!
You block the hellion's attack.
The starcursed mass shrieks in your mind.
* * * LOW HITPOINT WARNING * * *
Damage: 6 (max 6)
The hellion gestures at you.
The hellfire explodes!
The burst of hellfire engulfs you!
* * * LOW HITPOINT WARNING * * *
You feel a little less clever now.
The starcursed mass shrieks in your mind.
* * * LOW HITPOINT WARNING * * *
The hellion gestures at you.
The hellfire explodes!
The burst of hellfire engulfs you!
You die...
Your body crumbles into a pile of gold.

## ####### ###
.###..###.#...#...#
........2..@.......
.......##.....#..#####
.#..##..##.###..###. #
. #. . .#....###.###..
. # . .......#.#..
.... . .##
#..#.....XX##.####.#
.....
##.#.#####...##.# #
...#.. .... #..##..#
.X . ## .. #. ...
.X... ..#


You could see a hellion.

Vanquished Creatures
  Vashnia (Snake:1)
  2 tentacled starspawn (Abyss:1)
  A frost giant (D:15)
  An orc warlord (Orc:4)
  2 stone giants
  The ghost of Edirash the Covert, a powerful HaHu of Okawaru (Lair:5)
  The ghost of mcbry74 the Brawler, a powerful TrMo of Ru (IceCv)
  The ghost of Noname the Fencer, a powerful HOGl of Beogh (Orc:3)
  5 hydras
  Harold (Lair:3)
  2 naga warriors
  Erolcha (D:10)
  2 anacondas (Snake:1)
  A catoblepas (D:13)
  3 ogre magi
  A queen ant (Lair:6)
  A thrashing horror (Abyss:1)
  5 centaur warriors
  A tengu warrior (D:14)
  The ghost of graki42 the Thaumaturge, a powerful DEFE of Vehumet (D:12)
  2 shock serpents (Snake:1)
  23 death yaks
  An orc high priest (Orc:4)
  Urug (Lair:2)
  A sun demon (Lair:8)
  4 naga sharpshooters (Snake:2)
  Sonja (Lair:3)
  A wretched star (Abyss:1)
  2 fire crabs
  A spatial maelstrom (Abyss:1)
  2 deep trolls (Orc:4)
  11 skeletal warriors
  A shadow wraith (Abyss:1)
  2 unseen horrors
  12 starcursed masses (Abyss:1)
  A naga ritualist (Snake:2)
  14 hill giants
  2 ice statues (IceCv)
  A wolf spider zombie (D:12)
  A wizard (Lair:8)
  A lindwurm (Lair:5)
  2 mana vipers (Snake:2)
  2 griffons
  A manticore (D:12)
  7 ugly things
  A worldbinder (Abyss:1)
  5 salamanders
  2 orc sorcerers (Orc:4)
  A shining eye (Abyss:1)
  4 cyclopes
  5 orange demons
  5 elephants
  Maurice (D:10)
  A naga mage (Snake:2)
  13 black mambas
  2 smoke demons
  2 torpor snails
  18 spiny frogs
  8 komodo dragons
  2 efreet (Abyss:1)
  A gargoyle (D:13)
  A tormentor (Abyss:1)
  3 fire drakes
  A tengu conjurer (D:13)
  A yaktaur (D:15)
  A hellwing (Lair:8)
  3 ancient zymes (Abyss:1)
  A komodo dragon (shapeshifter) (D:14)
  6 blue devils
  12 two-headed ogres
  A wolf spider simulacrum (D:15)
  12 trolls
  2 deep elf priests (Orc:4)
  A polar bear (shapeshifter) (D:14)
  2 polar bears
  17 blink frogs
  A boulder beetle (Lair:5)
  5 large abominations (Abyss:1)
  2 slime creatures (D:11)
  3 ynoxinuls (Abyss:1)
  A spriggan (D:11)
  A fire elemental (Lair:6)
  4 deep elf magi
  82 yaks
  2 shadows
  4 deep elf fighters (Orc:4)
  2 hill giant zombies (D:11)
  A wraith (D:15)
  A wyvern (D:12)
  2 basilisks
  2 chaos spawn (Abyss:1)
  6 hungry ghosts
  14 hippogriffs
  2 vampire mosquitoes
  A hog (shapeshifter) (D:14)
  13 wolves
  A neqoxec (Abyss:1)
  7 wargs (Orc:2)
  2 mottled dragons
  14 water moccasins
  3 insubstantial wisps (Abyss:1)
  A spatial vortex (Abyss:1)
  A hell hound (Lair:8)
  10 nagas
  10 orc warriors
  3 black bears
  20 soldier ants (Lair:6)
  9 porcupines
  A wasp (D:9)
  13 ice beasts
  An eye of draining (D:11)
  5 sky beasts
  4 phantoms
  17 centaurs
  36 ogres
  The ghost of Uberwunderbarhen the Charmwright, an average OpSk (D:3)
  The ghost of Edirash the Vandal, an average HaHu (D:5)
  A brain worm (Abyss:1)
  19 crocodiles
  3 big kobolds
  14 giant frogs
  2 wyvern zombies
  A wyvern skeleton (D:14)
  3 water moccasin zombies (Ossuary)
  A troll zombie (D:11)
  8 killer bees
  2 scorpions
  5 electric eels
  7 small abominations (Abyss:1)
  12 crimson imps
  2 giant frog skeletons
  5 giant frog zombies
  2 jellies
  4 centaur zombies
  A lava snake (Lair:6)
  18 orc priests
  Ijyb (D:1)
  3 centaur skeletons
  14 two-headed ogre zombies (Orc:3)
  5 hounds
  11 iguanas
  Terence (D:2)
  32 orc wizards
  2 quasits
  A siren (Sewer)
  3 iron imps (Abyss:1)
  29 worker ants
  A merfolk avatar (Sewer)
  5 ogre zombies (D:11)
  2 mummies (Ossuary)
  A hound zombie (D:5)
  2 worker ant zombies
  A hound skeleton (D:9)
  32 river rats
  11 adders
  A white imp (Abyss:1)
  3 shadow imps
  2 oozes (D:1)
  4 adder skeletons
  10 adder zombies
  4 worms
  8 giant geckos
  136 orcs
  5 ball pythons
  8 bats
  4 giant cockroaches
  9 goblins
  6 hobgoblins
  9 jackals
  8 quokkas
  A giant cockroach zombie (D:5)
  A giant gecko zombie (D:5)
  6 giant newts
  2 gnoll zombies (Ossuary)
  3 goblin skeletons (D:11)
  A goblin zombie (D:11)
  2 hobgoblin zombies
  A jackal zombie (D:5)
  10 kobolds
  A kobold skeleton (Abyss:1)
  7 kobold zombies (Ossuary)
  4 orc skeletons (D:11)
  19 orc zombies
  3 quokka zombies
  33 rats
  A plant (Lair:8)
1154 creatures vanquished.

Vanquished Creatures (others)
  An anaconda (Snake:1)
  A naga ritualist (Snake:2)
  A tengu conjurer (D:15)
  An orc (D:13)
  A bush (Lair:8)
  27 fungi
  5 plants
  3 starspawn tentacles (Abyss:1)
40 creatures vanquished.

Grand Total: 1194 creatures vanquished

Notes
Turn   | Place    | Note
--------------------------------------------------------------
     0 | D:1      | Gorice the Mummy Wanderer began the quest for the Orb.
     0 | D:1      | Gorice set off with: a +2 shortbow, 25 arrows, a +0 ring mail, a scroll of teleportation {!r}, a +0 dagger, a !bad item (cl:100,ty:0,pl:0,pl2:0,sp:0,qu:0), a !bad item (cl:100,ty:0,pl:0,pl2:0,sp:0,qu:0), a !bad item (cl:100,ty:0,pl:0,pl2:0,sp:0,qu:0), a !bad item (cl:100,ty:0,pl:0,pl2:0,sp:0,qu:0), a !bad item (cl:100,ty:0,pl:0,pl2:0,sp:0,qu:0), a !bad item (cl:100,ty:0,pl:0,pl2:0,sp:0,qu:0), a !bad item (cl:100,ty:0,pl:0,pl2:0,sp:0,qu:0), a !bad item (cl:100,ty:0,pl:0,pl2:0,sp:0,qu:0), a !bad item (cl:100,ty:0,pl:0,pl2:0,sp:0,qu:0), a !bad item (cl:100,ty:0,pl:0,pl2:0,sp:0,qu:0), a !bad item (cl:100,ty:0,pl:0,pl2:0,sp:0,qu:0), a !bad item (cl:100,ty:0,pl:0,pl2:0,sp:0,qu:0), a !bad item (cl:100,ty:0,pl:0,pl2:0,sp:0,qu:0), a !bad item (cl:100,ty:0,pl:0,pl2:0,sp:0,qu:0), a !bad item (cl:100,ty:0,pl:0,pl2:0,sp:0,qu:0), a !bad item (cl:100,ty:0,pl:0,pl2:0,sp:0,qu:0), a !bad item (cl:100,ty:0,pl:0,pl2:0,sp:0,qu:0), a !bad item (cl:100,ty:0,pl:0,pl2:0,sp:0,qu:0), a !bad item (cl:100,ty:0,pl:0,pl2:0,sp:0,qu:0), a !bad item (cl:100,ty:0,pl:0,pl2:0,sp:0,qu:0), a !bad item (cl:100,ty:0,pl:0,pl2:0,sp:0,qu:0), a !bad item (cl:100,ty:0,pl:0,pl2:0,sp:0,qu:0), a !bad item (cl:100,ty:0,pl:0,pl2:0,sp:0,qu:0), a !bad item (cl:100,ty:0,pl:0,pl2:0,sp:0,qu:0), a !bad item (cl:100,ty:0,pl:0,pl2:0,sp:0,qu:0), a !bad item (cl:100,ty:0,pl:0,pl2:0,sp:0,qu:0), a !bad item (cl:100,ty:0,pl:0,pl2:0,sp:0,qu:0), a !bad item (cl:100,ty:0,pl:0,pl2:0,sp:0,qu:0), a !bad item (cl:100,ty:0,pl:0,pl2:0,sp:0,qu:0), a !bad item (cl:100,ty:0,pl:0,pl2:0,sp:0,qu:0), a !bad item (cl:100,ty:0,pl:0,pl2:0,sp:0,qu:0), a !bad item (cl:100,ty:0,pl:0,pl2:0,sp:0,qu:0), a !bad item (cl:100,ty:0,pl:0,pl2:0,sp:0,qu:0), a !bad item (cl:100,ty:0,pl:0,pl2:0,sp:0,qu:0), a !bad item (cl:100,ty:0,pl:0,pl2:0,sp:0,qu:0), a !bad item (cl:100,ty:0,pl:0,pl2:0,sp:0,qu:0), a !bad item (cl:100,ty:0,pl:0,pl2:0,sp:0,qu:0), a !bad item (cl:100,ty:0,pl:0,pl2:0,sp:0,qu:0), a !bad item (cl:100,ty:0,pl:0,pl2:0,sp:0,qu:0), a !bad item (cl:100,ty:0,pl:0,pl2:0,sp:0,qu:0), a !bad item (cl:100,ty:0,pl:0,pl2:0,sp:0,qu:0), a !bad item (cl:100,ty:0,pl:0,pl2:0,sp:0,qu:0), a !bad item (cl:100,ty:0,pl:0,pl2:0,sp:0,qu:0), a !bad item (cl:100,ty:0,pl:0,pl2:0,sp:0,qu:0), a !bad item (cl:100,ty:0,pl:0,pl2:0,sp:0,qu:0), a !bad item (cl:100,ty:0,pl:0,pl2:0,sp:0,qu:0), a !bad item (cl:100,ty:0,pl:0,pl2:0,sp:0,qu:0)
     0 | D:1      | Reached XP level 1. HP: 18/18 MP: 1/1
    66 | D:1      | Reached XP level 2. HP: 24/24 MP: 2/2
   257 | D:1      | Reached skill level 3 in Bows
   523 | D:1      | Reached XP level 3. HP: 24/29 MP: 3/3
   819 | D:2      | Noticed Ijyb
   863 | D:1      | Killed Ijyb
   905 | D:2      | Reached skill level 4 in Fighting
   905 | D:2      | Reached XP level 4. HP: 27/37 MP: 4/4
  1182 | D:2      | Noticed Terence
  1199 | D:2      | Killed Terence
  1520 | D:2      | Found a bloodstained altar of Trog.
  1957 | D:3      | Reached XP level 5. HP: 43/43 MP: 5/5
  2087 | D:3      | Found a stormy altar of Qazlal.
  2440 | D:3      | Reached skill level 4 in Bows
  2564 | D:3      | Reached skill level 5 in Fighting
  2624 | D:3      | Noticed Uberwunderbarhen's ghost (average OpSk)
  2636 | D:3      | Killed Uberwunderbarhen's ghost
  2636 | D:3      | Reached XP level 6. HP: 44/51 MP: 6/6
  3247 | D:4      | Found a glowing drain.
  3264 | Sewer    | Entered a sewer
  3306 | Sewer    | Upgraded the game from 0.17-a0-1942-g46ae386 to 0.17-a0-1945-gfe993df
  3602 | Sewer    | Noticed a drowned soul
  3605 | Sewer    | Killed a drowned soul
  3942 | D:4      | Reached skill level 5 in Bows
  3958 | D:4      | Reached XP level 7. HP: 40/57 MP: 7/7
  4035 | D:4      | Reached skill level 6 in Fighting
  4388 | D:5      | Entered Level 5 of the Dungeon
  4513 | D:5      | HP: 12/59 [ogre/giant club (18)]
  4527 | D:5      | HP: 13/59 [quokka zombie (1)]
  4539 | D:5      | Found a sand-covered staircase.
  4549 | Ossuary  | Entered an ossuary
  4930 | Ossuary  | Reached skill level 7 in Fighting
  5220 | D:5      | --sweet: the Autumn Katana
  5234 | D:5      | Found a shadowy altar of Dithmenos.
  5248 | D:5      | Found an ancient bone altar of Kikubaaqudgha.
  5327 | D:5      | Found a staircase to the Ecumenical Temple.
  5338 | D:5      | Noticed Edirash's ghost (average HaHu)
  5450 | D:4      | Reached XP level 8. HP: 62/67 MP: 8/8
  5478 | D:5      | Reached skill level 6 in Bows
  5511 | D:5      | Reached skill level 1 in Long Blades
  5559 | Temple   | Entered the Ecumenical Temple
  5901 | D:6      | Reached skill level 2 in Long Blades
  5930 | D:6      | Found a shattered altar of Ashenzari.
  6077 | D:5      | Killed Edirash's ghost
  6249 | D:5      | Found Wonwaw's Whimsical Warehouse.
  6376 | D:6      | Reached skill level 3 in Long Blades
  6555 | D:6      | Found a deep blue altar of Sif Muna.
  6666 | D:6      | Reached skill level 8 in Fighting
  6666 | D:6      | Reached skill level 4 in Long Blades
  6949 | D:7      | Reached XP level 9. HP: 74/74 MP: 9/9
  6955 | D:7      | Found Fufrumor's Assorted Antiques.
  7025 | D:7      | Bought a ring of evasion for 54 gold pieces
  7025 | D:7      | Bought a scroll labeled KICSURPHOIC for 27 gold pieces
  7025 | D:7      | Bought a scroll labeled KICSURPHOIC for 27 gold pieces
  7025 | D:7      | Bought a scroll labeled UHYVEM PUIKLUUDUSS for 27 gold pieces
  7310 | D:7      | Reached skill level 5 in Long Blades
  7381 | D:7      | Reached skill level 7 in Bows
  7550 | D:8      | Found a stormy altar of Qazlal.
  8103 | D:8      | Reached skill level 6 in Long Blades
  8222 | D:8      | Found a glowing silver altar of Zin.
  8223 | D:8      | Found an opulent altar of Gozag.
  8238 | D:8      | Became a worshipper of Gozag Ym Sagoz the Greedy
  8272 | D:8      | Reached skill level 9 in Fighting
  8580 | D:9      | Reached XP level 10. HP: 83/83 MP: 10/10
  8741 | D:9      | Reached skill level 7 in Long Blades
  8980 | D:9      | Noticed a purple ugly thing
  8994 | D:9      | Killed a green ugly thing
  9093 | D:9      | Reached skill level 8 in Bows
  9166 | D:9      | Found a staircase to the Lair.
  9759 | Lair:1   | Entered Level 1 of the Lair of Beasts
  9796 | Lair:1   | Reached skill level 8 in Long Blades
  9946 | Lair:1   | Reached skill level 10 in Fighting
 10084 | Lair:1   | Got a tiger eye-studded chain mail
 10095 | Lair:1   | Identified the +6 chain mail of a volcano {rC++ MR+ Int+3} (You found it on level 1 of the Lair of Beasts)
 10837 | Lair:2   | Noticed a seven-headed hydra
 10908 | Lair:2   | Reached XP level 11. HP: 84/91 MP: 11/11
 11518 | Lair:2   | Noticed Urug
 11531 | Lair:2   | Killed Urug
 11807 | Lair:2   | Reached skill level 9 in Long Blades
 11951 | D:10     | Entered Level 10 of the Dungeon
 12028 | D:10     | Killed an unseen horror
 12382 | D:10     | Noticed Erolcha
 12394 | D:10     | Killed Erolcha
 12394 | D:10     | Reached skill level 9 in Bows
 12532 | D:10     | Noticed Maurice
 12566 | D:10     | Killed Maurice
 12904 | D:10     | Noticed a hill giant
 12913 | D:10     | Killed a hill giant
 12913 | D:10     | Reached skill level 11 in Fighting
 13182 | D:10     | Noticed a hill giant
 13194 | D:10     | Killed a hill giant
 13194 | D:10     | Reached skill level 10 in Long Blades
 13351 | Lair:1   | Identified 3 scrolls of acquirement
 13394 | Lair:2   | Killed a seven-headed hydra
 13556 | Lair:3   | Reached XP level 12. HP: 100/100 MP: 12/12
 13791 | Lair:3   | Noticed Sonja
 13810 | Lair:3   | Killed Sonja
 13854 | Lair:3   | Noticed Harold
 13885 | Lair:3   | Killed Harold
 13898 | Lair:3   | Upgraded the game from 0.17-a0-1945-gfe993df to 0.17-a0-1946-gfb768fe
 14430 | Lair:3   | Reached skill level 11 in Long Blades
 14510 | Lair:4   | Reached skill level 10 in Bows
 14892 | Lair:3   | Reached skill level 12 in Fighting
 15222 | Lair:4   | Reached skill level 12 in Long Blades
 15591 | D:11     | Found Xotas's General Store.
 15617 | D:11     | Gained mutation: You are in touch with the powers of death. [Mummy growth]
 15617 | D:11     | Gained mutation: You can restore your body by infusing magical energy. [Mummy growth]
 15617 | D:11     | Reached XP level 13. HP: 109/109 MP: 13/13
 15651 | D:11     | Reached skill level 1 in Armour
 15695 | D:11     | Got a pair of spiked gloves
 15712 | D:10     | Identified the cursed +0 pair of gloves of Love and Death {*Corrode rPois Int-5 SInv} (You found it on level 11 of the Dungeon)
 15945 | D:11     | Reached skill level 2 in Armour
 15953 | D:11     | Found a staircase to the Orcish Mines.
 16337 | D:11     | Found a portal to a secret trove of treasure.
 16608 | Orc:1    | Entered Level 1 of the Orcish Mines
 17237 | Orc:1    | Found Neymi's Assorted Antiques.
 17243 | Orc:1    | Bought a scroll of remove curse for 69 gold pieces
 17464 | D:12     | Noticed graki42's ghost (powerful DEFE)
 17509 | D:11     | Reached skill level 3 in Armour
 17594 | D:12     | Found Udwupeuv's Antique Armour Boutique.
 17597 | D:12     | Bought a pair of glowing gloves for 148 gold pieces
 17597 | D:12     | Bought a pair of runed gloves for 148 gold pieces
 17625 | D:12     | Bought a slimy chain mail for 313 gold pieces
 17625 | D:12     | Bought a distressingly furry chain mail for 313 gold pieces
 17645 | D:11     | Identified the +0 chain mail of Daeqoaxt {rElec Str+4} (You bought it in a shop on level 12 of the Dungeon)
 17655 | D:11     | Identified the +6 chain mail "Tuyrily" {Dex+6} (You bought it in a shop on level 12 of the Dungeon)
 17926 | Lair:5   | Noticed Edirash's ghost (powerful HaHu)
 18232 | Lair:5   | Killed Edirash's ghost
 18232 | Lair:5   | Reached skill level 4 in Armour
 18381 | Lair:5   | Found a staircase to the Shoals.
 18495 | Lair:5   | Reached skill level 13 in Fighting
 18821 | Lair:5   | Upgraded the game from 0.17-a0-1946-gfb768fe to 0.17-a0-1951-g62301d3
 18946 | Lair:5   | Reached skill level 5 in Armour
 19272 | Lair:6   | Reached skill level 6 in Armour
 19523 | Lair:6   | Found a staircase to the Snake Pit.
 19765 | Lair:6   | Found a viscous altar of Jiyva.
 19765 | Lair:6   | Found a staircase to the Slime Pits.
 19909 | Lair:6   | Reached skill level 7 in Armour
 20255 | Lair:6   | Reached XP level 14. HP: 113/119 MP: 14/14
 20693 | Lair:7   | Reached skill level 8 in Armour
 21172 | Lair:7   | Got a shimmering chain mail
 21433 | Lair:7   | Identified the cursed +0 chain mail "Xouna" {rC- Int+5} (You found it on level 7 of the Lair of Beasts)
 21456 | Lair:8   | Entered Level 8 of the Lair of Beasts
 21576 | Lair:7   | Reached skill level 14 in Fighting
 21651 | Lair:7   | Reached skill level 9 in Armour
 21881 | Lair:8   | HP: 27/120 [fire crab (21)]
 22400 | Lair:8   | Reached skill level 10 in Armour
 23426 | Lair:8   | Found a burning altar of Makhleb.
 23496 | Lair:8   | Reached skill level 11 in Armour
 23552 | Lair:8   | Reached XP level 15. HP: 80/127 MP: 15/15
 23612 | Lair:8   | Found a gateway to Hell.
 23639 | Lair:8   | Got a twisted falchion
 23658 | Lair:8   | Identified the +6 falchion of Analysis {elec, rPois rC+ Int+2} (You found it on level 8 of the Lair of Beasts)
 24013 | Orc:2    | Found a dark tunnel.
 24020 | Volcano  | Entered a volcano
 24934 | Orc:3    | Noticed Noname's ghost (powerful HOGl)
 25088 | Orc:3    | Killed Noname's ghost
 25088 | Orc:3    | Reached skill level 15 in Fighting
 25849 | Orc:4    | Entered Level 4 of the Orcish Mines
 26461 | Orc:4    | Found Iqamoble's Food Emporium.
 26486 | Orc:4    | Reached skill level 12 in Armour
 26540 | Orc:4    | HP: 36/129 [stone giant (30)]
 26542 | Orc:4    | HP: 11/129 [stone giant (26)]
 27278 | Orc:4    | Found Gaop's Weapon Shop.
 27283 | Orc:4    | Found Goetada's General Store.
 27284 | Orc:4    | Found Cehon's Gadget Shoppe.
 27343 | Orc:4    | Bought a wand of lightning (7) for 121 gold pieces
 27343 | Orc:4    | Bought a -2 rod of shadows (10/10) for 715 gold pieces
 27350 | Orc:4    | Bought a lamp of fire for 520 gold pieces
 27434 | Orc:4    | Found a staircase to the Elven Halls.
 28281 | D:12     | Killed graki42's ghost
 29085 | D:12     | Reached skill level 13 in Armour
 29422 | D:12     | Upgraded the game from 0.17-a0-1951-g62301d3 to 0.17-a0-1954-g0dddeaa
 29477 | D:13     | Found Jufir's Jewellery Boutique.
 29517 | D:13     | Bought an uncursed ring of see invisible for 195 gold pieces
 29517 | D:13     | Bought the ring "Celeumnal" {rF+ Str+2 Int+3} for 440 gold pieces
 30998 | D:14     | Found a gate to the Vaults.
 31094 | D:14     | Reached XP level 16. HP: 138/138 MP: 16/16
 31812 | D:14     | Reached skill level 16 in Fighting
 31964 | D:15     | Entered Level 15 of the Dungeon
 31964 | D:15     | Found Tobaiwko's Gadget Shop.
 32129 | D:15     | Found a frozen archway.
 32140 | IceCv    | Entered an ice cave
 32140 | IceCv    | Noticed mcbry74's ghost (powerful TrMo)
 32166 | IceCv    | Killed mcbry74's ghost
 32236 | IceCv    | Identified the Collected Works on Intoxication
 32238 | IceCv    | Got an encrusted scimitar
 32239 | IceCv    | Identified the +9 scimitar of the Big Bang {slice, +Fly rF+ rN+++ Int-3} (You found it in an ice cave)
 32302 | D:15     | Reached skill level 14 in Armour
 32343 | D:15     | Got a fine robe
 32344 | D:15     | Identified the +1 robe of Xiekluut {Str+6 Int+3 Stlth+} (You found it on level 15 of the Dungeon)
 32379 | D:15     | Found a staircase to the Depths.
 32751 | D:15     | Bought a wand of enslavement (17) for 323 gold pieces
 32751 | D:15     | Bought a wand of random effects (16) for 153 gold pieces
 33386 | Snake:1  | Entered Level 1 of the Snake Pit
 34104 | Snake:2  | Noticed Vashnia
 34264 | Snake:2  | Noticed Roxanne
 34865 | Snake:1  | Killed Vashnia
 35140 | Snake:2  | Reached skill level 15 in Armour
 35159 | Snake:2  | Cast into the Abyss (naga mage)
 35443 | Abyss:1  | Reached skill level 1 in Shields
 35458 | Abyss:1  | Noticed a bone dragon
 35560 | Abyss:1  | Reached skill level 1 in Evocations
 35665 | Abyss:1  | Paralysed by accursed screaming for 2 turns
 35717 | Abyss:1  | Noticed a tentacled starspawn
 35734 | Abyss:1  | Killed a tentacled starspawn
 35734 | Abyss:1  | Reached skill level 2 in Shields
 35734 | Abyss:1  | Reached XP level 17. HP: 141/146 MP: 18/18
 35919 | Abyss:1  | Reached skill level 2 in Evocations
 35940 | Abyss:1  | Reached skill level 3 in Shields
 36053 | Abyss:1  | Reached skill level 17 in Fighting
 36085 | Abyss:1  | HP: 39/147 [tentacled starspawn (8)]
 36202 | Abyss:1  | Noticed a profane servitor
 36222 | Abyss:1  | HP: 44/147 [profane servitor/enchanted whip (16)]
 36228 | Abyss:1  | HP: 42/147 [profane servitor/enchanted whip (4)]
 36233 | Abyss:1  | HP: 21/147 [rotting (a shining eye)]
 36265 | Abyss:1  | HP: 32/146 [starcursed mass/accursed screaming (8)]
 36275 | Abyss:1  | HP: 36/146 [starcursed mass/accursed screaming (4)]
 36286 | Abyss:1  | HP: 37/146 [starcursed mass/accursed screaming (7)]
 36287 | Abyss:1  | HP: 6/146 [hellion/burst of hellfire (31)]
 36288 | Abyss:1  | HP: 2/146 [starcursed mass/accursed screaming (5)]
 36289 | Abyss:1  | Killed from afar by a hellion

Vault maps used:
D:1:      lightli_arrival_farm, corexii_leaking_fountain, serial_bayou_pond_e,
          item_on_display_a
D:2:      trog_book, uniq_terence, uniq_iyjb
D:3:      minmay_misc_feat_doors, grunt_qazlal_sundering
D:4:      portal_sewer_entry_b, first_bread, serial_park_tiny_pond
D:5:      lemuel_crystal_altar, lemuel_doored_altar, temple_fountains,
          lightli_ossuary_entry_decrepit_ruins, serial_undead, serial_undead_f,
          serial_undead_b, serial_undead_a, serial_undead_a,
          hangedman_decor_growths, nicolae_alphabet_shops
D:6:      ashenzari_conservatory_becter, old_standard_altar
D:7:      serial_shops, shop, bh_walls_and_bars
D:8:      lemuel_ice_spiral_2, grunt_temple_overflow_gold_and_silver,
          kennysheep_mini_moat
D:9:      lair_0_dummy
D:10:     serial_co_window_serial, co_window_paths_b,
          co_window_of_opportunity_a, co_window_corner_a, co_window_paths_a,
          co_window_cross_1, co_window_corner_a, co_window_paths_b,
          co_window_of_opportunity_c, co_window_corner_b,
          co_window_unsneaky_path_e, co_window_4corner_b, co_window_paths_d,
          glass_columns_a, uniq_maurice, uniq_erolcha
D:11:     zombieorc2_lemuel, enter_trove_2, the_bakery
D:12:     minmay_quarter_circles, minmay_crystal_room, serial_bayou_pond_b
D:13:     minmay_holes
D:14:     david_vaults_2
D:15:     grunt_enter_depths_snipers, portal_ice_cave_entry_pillars_02
Temple:   circular_temple_12
Lair:2:   serial_bayou_crossing, uniq_urug
Lair:3:   st_stairs_12, serial_bayou_ford_a, uniq_harold, uniq_sonja
Lair:4:   beast_lair_carwin_8
Lair:5:   elwin_shoals_entry_rocks
Lair:6:   minmay_snake_entry_guardpost_small, slime_altar_1, minivault_29
Lair:8:   evil_forest, infiniplex_staircase_pool
Snake:1:  special_room, grunt_ministairs_13
Snake:2:  uniq_vashnia, uniq_roxanne
Orc:1:    serial_shops, shop
Orc:2:    enter_volcano_4, mines5_lemuel
Orc:3:    lemuel_ogre_cave, nicolae_orc_pool_cavern
Orc:4:    st_orc_open, elf_legates
Sewer:    sewer_sea
Ossuary:  ossuary_tomb_2
IceCv:    ice_cave_statue_garden_01
Volcano:  volcano_pools

Action                   |  1- 3 |  4- 6 |  7- 9 | 10-12 | 13-15 | 16-18 || total
-------------------------+-------+-------+-------+-------+-------+-------++-------
Melee: Katana            |       |       |   132 |   489 |  1823 |   881 ||  3325
       Shortbow          |       |       |       |     2 |       |       ||     2
       Scimitar          |       |       |       |       |       |     5 ||     5
 Fire: Shortbow          |   105 |   303 |   345 |   327 |   362 |       ||  1442
       Blowgun           |       |       |       |     1 |     1 |       ||     2
Throw: Javelin           |       |       |       |     2 |    14 |       ||    16
       Throwing net      |       |       |       |       |     1 |       ||     1
       Tomahawk          |       |       |       |       |       |    12 ||    12
Invok: Call Merchant     |       |       |       |     2 |     3 |       ||     5
       Potion Petition   |       |       |       |       |       |     1 ||     1
 Abil: Evoke Flight      |       |       |       |       |     2 |       ||     2
Evoke: Wand              |       |       |       |     3 |       |     6 ||     9
  Use: Scroll            |       |       |    13 |     6 |    12 |     7 ||    38
 Stab: Distracted        |       |       |       |     3 |    13 |     5 ||    21

Table legend:
 A = Turns spent in this place as a percentage of turns spent in the entire game.
 B = Non-inter-level travel turns spent in this place as a percentage of non-inter-level travel turns spent in the entire game.
 C = Inter-level travel turns spent in this place as a percentage of turns spent in this place.
 D = Turns resting spent in this place as a percentage of non-inter-level travel turns spent in this place.
 E = Turns spent auto-exploring this place as a percentage of non-inter-level travel turns spent in this place.
 F = Non-inter-level travel turns spent in this place divided by the number of levels of this place that you've seen.
                   A       B       C       D       E      F
               +-------+-------+-------+-------+-------+----------------------
         Total | 100.0 | 100.0 |   0.5 |   1.7 |   3.3 | 495.8
       Dungeon |  39.3 |  39.3 |   0.6 |   1.1 |   4.7 | 454.4
        Temple |   0.1 |   0.1 |   0.0 |   0.0 |  40.9 |  22.0
          Lair |  30.6 |  30.6 |   0.5 |   1.2 |   2.9 | 664.0
     Snake Pit |   5.4 |   5.4 |   0.3 |   5.4 |   2.6 | 467.0
  Orcish Mines |  13.7 |  13.7 |   0.5 |   2.9 |   2.4 | 596.0
         Abyss |   5.8 |   5.8 |   0.0 |   1.8 |   0.0 | 1009.0
         Sewer |   2.2 |   2.2 |   0.0 |   0.0 |   0.8 | 383.0
       Ossuary |   1.2 |   1.2 |   0.0 |   4.7 |   0.0 | 215.0
      Ice Cave |   0.6 |   0.6 |   0.0 |   0.0 |   0.0 | 105.0
       Volcano |   1.0 |   1.0 |   0.0 |   1.1 |   1.7 | 174.0
               +-------+-------+-------+-------+-------+----------------------

Vault maps used:
D:1:      lightli_arrival_farm, corexii_leaking_fountain, serial_bayou_pond_e,
          item_on_display_a
D:2:      trog_book, uniq_terence, uniq_iyjb
D:3:      minmay_misc_feat_doors, grunt_qazlal_sundering
D:4:      portal_sewer_entry_b, first_bread, serial_park_tiny_pond
D:5:      lemuel_crystal_altar, lemuel_doored_altar, temple_fountains,
          lightli_ossuary_entry_decrepit_ruins, serial_undead, serial_undead_f,
          serial_undead_b, serial_undead_a, serial_undead_a,
          hangedman_decor_growths, nicolae_alphabet_shops
D:6:      ashenzari_conservatory_becter, old_standard_altar
D:7:      serial_shops, shop, bh_walls_and_bars
D:8:      lemuel_ice_spiral_2, grunt_temple_overflow_gold_and_silver,
          kennysheep_mini_moat
D:9:      lair_0_dummy
D:10:     serial_co_window_serial, co_window_paths_b,
          co_window_of_opportunity_a, co_window_corner_a, co_window_paths_a,
          co_window_cross_1, co_window_corner_a, co_window_paths_b,
          co_window_of_opportunity_c, co_window_corner_b,
          co_window_unsneaky_path_e, co_window_4corner_b, co_window_paths_d,
          glass_columns_a, uniq_maurice, uniq_erolcha
D:11:     zombieorc2_lemuel, enter_trove_2, the_bakery
D:12:     minmay_quarter_circles, minmay_crystal_room, serial_bayou_pond_b
D:13:     minmay_holes
D:14:     david_vaults_2
D:15:     grunt_enter_depths_snipers, portal_ice_cave_entry_pillars_02
Temple:   circular_temple_12
Lair:2:   serial_bayou_crossing, uniq_urug
Lair:3:   st_stairs_12, serial_bayou_ford_a, uniq_harold, uniq_sonja
Lair:4:   beast_lair_carwin_8
Lair:5:   elwin_shoals_entry_rocks
Lair:6:   minmay_snake_entry_guardpost_small, slime_altar_1, minivault_29
Lair:8:   evil_forest, infiniplex_staircase_pool
Snake:1:  special_room, grunt_ministairs_13
Snake:2:  uniq_vashnia, uniq_roxanne
Orc:1:    serial_shops, shop
Orc:2:    enter_volcano_4, mines5_lemuel
Orc:3:    lemuel_ogre_cave, nicolae_orc_pool_cavern
Orc:4:    st_orc_open, elf_legates
Sewer:    sewer_sea
Ossuary:  ossuary_tomb_2
IceCv:    ice_cave_statue_garden_01
Volcano:  volcano_pools
